 Dungeon Crawl Stone Soup version 0.19.0-2-gae57169 (webtiles) character file.

2332 RobertPalmer the Covert (level 9, -11/61 HPs)
             Began as an Octopode Chaos Knight on Nov 5, 2016.
             Killed from afar by an orc priest (33 damage)
             ... with an exploding inner flame
             ... hexed by the player character
             ... on level 8 of the Dungeon.
             The game lasted 00:17:40 (8151 turns).

RobertPalmer the Covert (Octopode Chaos Knight)     Turns: 8151, Time: 00:17:40

Health: -11/61     AC:  1    Str: 12    XL:     9   Next: 42%
Magic:  13/13      EV: 13    Int: 16    God:    Xom [....*.]
Gold:   272        SH:  6    Dex: 13    Spells: 0 memorised, 8 levels left

rFire  . . .     SeeInvis .     b - +0 dagger (venom)
rCold  + + .     Gourm    .     t - +0 buckler
rNeg   . . .     Faith    .     (helmet restricted)
rPois  .         Spirit   .     g - amulet of rage {+Rage, !d}
rElec  +         Reflect  .     n - ring "Sirent" {Wiz Dex+4}
rCorr  +         Harm     .     r - ring of the Median {rCorr +Fly rC++ Dex-3 Stlth+}
MR     .....                    (no ring)
Stlth  ++++++....               (no ring)
                                (no ring)
                                (no ring)
                                (no ring)
                                (no ring)

@: no status effects
A: almost no armour, stealthy swim, amphibious, 8 rings, constrict 8, camouflage
1, blink, robust 1, electricity resistance, wild magic 1, gelatinous body 1
a: Blink, Renounce Religion, Evoke Berserk Rage, Evoke Flight


You were on level 8 of the Dungeon.
You worshipped Xom.
You were a beloved toy of Xom.
You were not hungry.

You visited 1 branch of the dungeon, and saw 8 of its levels.

You collected 272 gold pieces.

Inventory:

Hand Weapons
 a - a +2 rapier of protection
   (You found it on level 4 of the Dungeon)
 b - a +0 dagger of venom (weapon)
   (You took it off an orc on level 5 of the Dungeon)
 o - a +1 short sword of chaos
Missiles
 x - 112 stones (quivered)
Armour
 t - a +0 buckler (worn)
   (You found it on level 6 of the Dungeon)
Jewellery
 g - an amulet of rage (around mantle) {+Rage, !d}
   (You took it off a goblin on level 1 of the Dungeon)
 l - an uncursed amulet of faith {Faith, !P}
   (You found it on level 2 of the Dungeon)
 n - the ring "Sirent" (left tentacle) {Wiz Dex+4}
   (You acquired it on level 4 of the Dungeon)

   [ring of wizardry]

   It improves your spell success rate.
   It affects your dexterity (+4).
 r - the ring of the Median (right tentacle) {rCorr +Fly rC++ Dex-3 Stlth+}
   (You found it on level 5 of the Dungeon)

   [ring of resist corrosion]

   It affects your dexterity (-3).
   It greatly protects you from cold.
   It lets you fly.
   It makes you more stealthy.
 F - an uncursed ring of see invisible {unknown}
   (You found it on level 7 of the Dungeon)
Wands
 v - a wand of slowing (20/48)
   (You found it on level 4 of the Dungeon)
 E - a wand of hasting (9/9)
   (Xom gifted it to you on level 7 of the Dungeon)
Scrolls
 c - 2 scrolls of identify
 d - 4 scrolls of remove curse
 h - a scroll of magic mapping {!r}
 y - 2 scrolls of teleportation
 z - 2 scrolls of fear
 B - a scroll of immolation {!r}
Potions
 f - 3 potions of invisibility {unknown}
 i - a potion of flight {unknown}
 j - a potion of haste {unknown}
 q - 2 potions of lignification {unknown}
 s - a potion of berserk rage {unknown}
 w - a potion of magic {unknown}
 D - a potion of heal wounds {unknown}
Books
 A - a book of Geomancy
   (You found it on level 7 of the Dungeon)
Comestibles
 k - 8 fruits
 m - 2 royal jellies
 p - 2 meat rations {@e2}
 u - 6 bread rations {@e1}


   Skills:
 - Level 3.0 Fighting
 + Level 3.8 Short Blades
 - Level 2.3 Dodging
 - Level 10.0 Stealth
 - Level 7.6 Shields
 - Level 6.3 Evocations


You had 8 spell levels left.
You didn't know any spells.

Dungeon Overview and Level Annotations

Branches:
Dungeon (8/15)
 Temple: D:4-7         Lair: D:8-11

Altars:
Cheibriados
Fedhas
Hepliaklqana
Vehumet
Yredelemnul
Zin

Annotations:
D:2 Crazy Yiuf
D:4 Wingboner's ghost, amateur TrTm
D:6 Eustachio; Menkaure


Innate Abilities, Weirdness & Mutations

You cannot wear most types of armour.
You are very stealthy in the water. (Stealth+)
You are amphibious.
You can wear up to eight rings at the same time.
You can use your tentacles to constrict eight enemies at once.
Your skin changes colour to match your surroundings (Stealth+).
Your rubbery body absorbs attacks. (AC +1, EV +1)
You can translocate small distances at will.
You are robust. (+10% HP)
You are resistant to electric shocks. (rElec)
Your spells are a little harder to cast, but a little more powerful.


Message History

You take 1 damage, and have 39/61 hp.
You hit the worker ant but do no damage.
The worker ant is poisoned.
You squeeze the worker ant. You constrict the worker ant.
You are feeling hungry.
The worker ant bites you!
You are more poisoned.
The worker ant poisons you!
You take 7 damage, and have 32/61 hp.
You hit the worker ant.
The worker ant looks as sick as possible!
You constrict the worker ant.
You feel sick.
You kill the worker ant!
You take 1 damage, and have 31/61 hp.
You closely miss the bullfrog. Your grab misses the bullfrog.
Your squeeze misses the bullfrog.
You feel sick. The bullfrog barely misses you. The bullfrog closely misses you.
You take 1 damage, and have 30/61 hp.
You closely miss the bullfrog. You grab the bullfrog.
You constrict the bullfrog.
You feel sick. The bullfrog hits you.
You take 3 damage, and have 27/61 hp.
You hit the bullfrog but do no damage.
The bullfrog is poisoned.
You constrict the bullfrog.
You feel sick. You block the bullfrog's attack.
You take 1 damage, and have 26/61 hp.
You hit the bullfrog but do no damage.
The bullfrog looks as sick as possible!
You constrict the bullfrog. The bullfrog misses you.
You hit the bullfrog but do no damage.
The bullfrog looks as sick as possible!
You constrict the bullfrog.
You feel sick. The bullfrog barely misses you. x2
You take 1 damage, and have 25/61 hp.
You hit the bullfrog.
The bullfrog looks as sick as possible!
You constrict the bullfrog.
You feel sick. You block the bullfrog's attack.
You take 1 damage, and have 24/61 hp.
You barely miss the bullfrog. You constrict the bullfrog.
You kill the bullfrog!
You feel sick.
You see here a bullfrog corpse.
You butcher the bullfrog corpse.
You feel sick.
C - a chunk of flesh {@w0} You take 1 damage, and have 23/61 hp.
Eating a chunk of flesh {@w0}.
You start eating the chunk of flesh {@w0}.
You feel sick.
You take 1 damage, and have 22/61 hp.
Okay, then.
You feel sick.
You close the door.
You start resting.
You feel sick. x6
You are no longer poisoned.
You take 2 damage, and have 20/61 hp.
You start resting.
Xom is getting BORED.
You regained 30 hp, and now have 50/61 hp.
You open the door.
There is an open door here.
The orc priest is too close now for your liking.
An orc priest is nearby!
An orc priest is nearby!
Unknown command.
As you read the scroll labeled MASUEWKUJOS, it crumbles to dust.
It is a scroll of recharging.
Charge which item? (? for menu, Esc to quit)
Your wand of hasting (7/9) glows for a moment and now has 9 charges.
An orc wizard comes into view. It is wielding a dagger.
An orc comes into view. It is wielding a flail.
The orc priest shouts!
You see here 6 gold pieces.
As you read the scroll labeled ZAMALO DUALA, it crumbles to dust.
The creatures around you are filled with an inner flame!
It was a scroll of immolation.
Aim: an orc priest, wielding a club (inner flame, chance to defeat MR: 70%)
The orc priest seems to slow down.
This wand has 20 charges left.
The orc shouts!
You are now a BORING thing.
Xom does a drum roll.
You are now a beloved toy of Xom.
Unknown command.
A centaur zombie comes into view.
A hound and a worker ant come into view.
Unknown command.
An adder comes into view.
The adder hisses angrily.
You hit the orc wizard.
The orc wizard is poisoned.
Your grab misses the orc wizard.
Xom guffaws.
An eight-headed hydra appears.
The orc wizard barely misses you.
You closely miss the orc wizard. You grab the orc wizard.
You squeeze the orc wizard. You constrict the orc wizard.
The orc hits you with a flail.
You take 4 damage, and have 49/61 hp.
Unknown command.
You hit the orc wizard. You squeeze the orc wizard!
The orc wizard explodes!
The fiery explosion engulfs your eight-headed hydra.
The fiery explosion engulfs you!
The fiery explosion engulfs the orc priest.
The orc priest explodes!
The fiery explosion engulfs you!
Ouch! That really hurt!
You die...
Xom snickers!

#.........##.#.#
#.#...#......#.#
#.#...#.######.####.
#.#...#.###.........
##'#...#'#........Z..
#....................
#............§.§.....
#...........$D§§.....
#............@§§a....
#............§o...S..
#...............h.?..
#....................
####'#####...........
#.# #........... #.#
###########+ #.#
######.#######


You could see an eight-headed hydra, a hound, a worker ant, an adder, an orc
(inner flame) and a centaur zombie.

Vanquished Creatures
  Grinder (D:6)
  A hippogriff (D:7)
  Sigmund (D:2)
  A hungry ghost (D:7)
  An orc warrior (D:7)
  A sky beast (D:5)
  2 black bears
  3 ogres
  A centaur (D:6)
  2 bullfrogs (D:8)
  2 scorpions
  A crimson imp (D:8)
  A hound (D:7)
  3 orc priests
  5 orc wizards
  Natasha (thrice) (D:3)
  Terence (D:2)
  3 worker ants
  A hound skeleton (D:5)
  Robin (D:2)
  12 adders
  2 river rats (D:5)
  An adder skeleton (D:7)
  5 worms
  A dart slug (D:1)
  A leopard gecko (D:3)
  27 orcs
  2 ball pythons
  11 bats
  6 giant cockroaches
  18 goblins
  15 hobgoblins
  A ball python skeleton (D:4)
  5 frilled lizards
  11 kobolds
  2 leopard gecko skeletons
  7 rats
162 creatures vanquished.

Notes
Turn   | Place    | Note
-------+----------+-------------------------------------------
     0 | D:1      | RobertPalmer the Octopode Chaos Knight began the quest for the Orb.
     0 | D:1      | Reached XP level 1. HP: 16/16 MP: 1/1
   100 | D:1      | Reached skill level 1 in Stealth
   125 | D:1      | Reached skill level 2 in Stealth
   255 | D:1      | Reached XP level 2. HP: 21/21 MP: 2/2
   318 | D:1      | Reached skill level 3 in Stealth
   393 | D:1      | XOM: harmless Chrm miscast
   787 | D:1      | Reached XP level 3. HP: 24/26 MP: 3/3
   809 | D:1      | Reached skill level 4 in Stealth
   827 | D:1      | XOM: divination: magic mapping
  1114 | D:2      | Noticed Sigmund
  1125 | D:2      | Killed Sigmund
  1125 | D:2      | Reached skill level 4 in Evocations
  1125 | D:2      | Reached XP level 4. HP: 31/31 MP: 3/7
  1125 | D:2      | Reached XP level 5. HP: 36/36 MP: 3/8
  1488 | D:2      | Noticed Terence
  1503 | D:2      | Killed Terence
  1503 | D:2      | Reached skill level 5 in Evocations
  1503 | D:2      | Reached XP level 6. HP: 12/42 MP: 9/9
  1751 | D:2      | Noticed Robin
  1765 | D:2      | Killed Robin
  1888 | D:2      | XOM: divination: magic mapping
  1971 | D:2      | XOM: cast spell 'Ice Form'
  2053 | D:2      | Found a runed door.
  2057 | D:2      | Noticed Crazy Yiuf
  2333 | D:2      | XOM: harmless Divn miscast
  2370 | D:3      | Noticed Natasha
  2376 | D:3      | Killed Natasha
  2440 | D:3      | XOM: harmless Ice miscast
  2649 | D:3      | XOM: divination: detect items
  2666 | D:3      | Noticed Natasha
  2673 | D:3      | Killed Natasha
  2673 | D:3      | Reached skill level 6 in Evocations
  3387 | D:3      | Noticed Natasha
  3392 | D:3      | Killed Natasha
  3525 | D:4      | Noticed Wingboner's ghost (amateur TrTm)
  3584 | D:4      | XOM: give mutation
  3584 | D:4      | Gained mutation: Your flesh is cold resistant. (rC+) [Xom's grace]
  3589 | D:4      | Reached skill level 5 in Stealth
  3589 | D:4      | Reached XP level 7. HP: 35/46 MP: 11/11
  3619 | D:4      | XOM: butterfly on damage
  3626 | D:4      | XOM: confusion (+ monsters)
  3635 | D:4      | Reached skill level 6 in Stealth
  3924 | D:4      | XOM: give mutations
  3924 | D:4      | Gained mutation: One of your tentacles bears a spike. [Xom's grace]
  3924 | D:4      | Gained mutation: You have a beak for a mouth. [Xom's grace]
  4037 | D:4      | Found a hazy altar of Hepliaklqana.
  4314 | D:4      | XOM: god gift: scroll labeled DAOCONT ETIRR {god gift}
  4334 | D:4      | XOM: give mutations
  4334 | D:4      | Gained mutation: You are robust. (+10% HP) [Xom's grace]
  4334 | D:4      | Gained mutation: Your spells are a little harder to cast, but a little more powerful. [Xom's grace]
  4334 | D:4      | Gained mutation: You are resistant to electric shocks. (rElec) [Xom's grace]
  4334 | D:4      | Gained mutation: You can translocate small distances at will. [Xom's grace]
  4520 | D:4      | Identified a scroll of acquirement
  4521 | D:4      | Got a steaming jade ring
  4522 | D:4      | Identified the ring "Sirent" {Wiz Dex+4} (You acquired it on level 4 of the Dungeon)
  4569 | D:5      | Entered Level 5 of the Dungeon
  4572 | D:5      | Reached skill level 7 in Stealth
  4684 | D:3      | XOM: scenery: 1 doors close
  4735 | D:4      | XOM: cleaving
  4740 | D:4      | Reached skill level 8 in Stealth
  4903 | D:5      | XOM: smoke on damage
  4973 | D:5      | XOM: enchant monster (good)
  5113 | D:5      | Got an ancient pewter ring
  5117 | D:5      | Found a basalt altar of Yredelemnul.
  5123 | D:5      | Identified the ring of the Median {rCorr +Fly rC++ Dex-3 Stlth+} (You found it on level 5 of the Dungeon)
  5131 | D:5      | XOM: 3-stop teleportation journey
  5183 | D:5      | XOM: cleaving
  5193 | D:5      | HP: 1/50 [ogre/giant club (30)]
  5195 | D:5      | Reached skill level 9 in Stealth
  5195 | D:5      | Reached XP level 8. HP: 2/57 MP: 12/12
  5526 | D:4      | XOM: mild Chrm miscast
  6058 | D:5      | XOM: give mutations
  6058 | D:5      | Lost mutation: Your flesh is cold resistant. (rC+) [Xom's mischief]
  6058 | D:5      | Lost mutation: You have a beak for a mouth. [Xom's mischief]
  6058 | D:5      | Lost mutation: One of your tentacles bears a spike. [Xom's mischief]
  6105 | D:6      | Noticed Menkaure
  6114 | D:6      | Noticed Eustachio
  6141 | D:6      | XOM: silly message
  6260 | D:6      | Reached skill level 10 in Stealth
  6260 | D:6      | Reached skill level 1 in Shields
  6462 | D:6      | Noticed Grinder
  6465 | D:6      | Found a glowing silver altar of Zin.
  6470 | D:6      | Reached skill level 2 in Shields
  6496 | D:6      | Killed Grinder
  6496 | D:6      | Reached skill level 3 in Shields
  6763 | D:6      | XOM: swap monsters
  6766 | D:6      | Reached skill level 4 in Shields
  6861 | D:7      | XOM: 1-stop teleportation journey
  6914 | D:7      | Found a blossoming altar of Fedhas.
  6959 | D:7      | XOM: cloud trail
  7056 | D:7      | Reached skill level 5 in Shields
  7077 | D:7      | XOM: mild Divn miscast
  7083 | D:7      | Noticed a hippogriff
  7097 | D:7      | Killed a hippogriff
  7097 | D:7      | Reached XP level 9. HP: 34/61 MP: 13/13
  7287 | D:7      | XOM: swap monsters
  7301 | D:7      | XOM: cleaving
  7305 | D:7      | Reached skill level 6 in Shields
  7400 | D:7      | Found a radiant altar of Vehumet.
  7474 | D:7      | Found a basalt altar of Yredelemnul.
  7477 | D:7      | Found a snail-covered altar of Cheibriados.
  7611 | D:7      | XOM: god gift: twisted wooden wand {god gift}
  7658 | D:7      | Reached skill level 7 in Shields
  7785 | D:7      | XOM: cast spell 'Necromutation'
  8146 | D:8      | XOM is BORED!
  8146 | D:8      | XOM: noise
  8149 | D:8      | XOM: cast spell 'Summon Hydra'
  8151 | D:8      | Killed from afar by an orc priest

Skill      XL: |  1  2  3  4  5  6  7  8  9 |
---------------+----------------------------+-----
Stealth        | 2 3 4 5 9 10 | 10.0
Evocations     | 4 5 6 |  6.3
Shields        | 5 7 |  7.6
Fighting       | |  3.0
Short Blades   | |  3.8
Dodging        | |  2.3

Action                   |  1- 3 |  4- 6 |  7- 9 || total
-------------------------+-------+-------+-------++-------
Melee: Short sword       |    65 |   100 |       ||   165
       Constrict         |    14 |    29 |    38 ||    81
       Tentacles         |     9 |    21 |    35 ||    65
       Rapier            |       |    17 |    74 ||    91
       Kick              |       |       |    30 ||    30
       Peck              |       |       |    22 ||    22
       Dagger            |       |       |   105 ||   105
Throw: Stone             |       |       |     9 ||     9
 Abil: Evoke Berserk Rag |     1 |       |       ||     1
Evoke: Wand              |       |     2 |     3 ||     5
  Use: Scroll            |     1 |     2 |    15 ||    18
 Stab: Sleeping          |     3 |    21 |    21 ||    45
       Distracted        |       |     2 |     2 ||     4
       Confused          |       |       |     2 ||     2
       Petrified         |       |       |     2 ||     2
       Petrifying        |       |       |     1 ||     1
  Eat: Chunk             |     1 |     8 |    13 ||    22
       Beef jerky        |       |       |     1 ||     1
       Pizza             |       |       |     1 ||     1
       Fruit             |       |       |     2 ||     2
Armor: Skin              |    12 |     6 |    10 ||    28
Dodge: Dodged            |    36 |    43 |    83 ||   162
Block: Buckler           |       |       |    17 ||    17

Vault maps used:
D:1:      saegor_arrival_under_anarchy
D:2:      first_bread, item_on_display_a, uniq_sigmund, uniq_robin,
          uniq_crazy_yiuf_cottage, uniq_terence
D:3:      serial_aquarium, aquarium_bridge_straight, aquarium_window_1,
          aquarium_window_1, aquarium_view_2c, aquarium_view_4, uniq_natasha
D:4:      kennysheep_little_box
D:5:      basic_altar, portal_sewer_entry_e
D:6:      black_bear_nest_2, lemuel_crystal_altar,
          chequers_temple_overflow_minitemple, uniq_prince_ribbit1,
          uniq_menkaure, uniq_eustachio, uniq_grinder
D:7:      nicolae_overflow_hidden_temple, fedhas_altar_fruit_tree
D:8:      lair_0_dummy, uniq_pikel

Table legend:
 A = Turns spent in this place as a percentage of turns spent in the entire game.
 B = Non-inter-level travel turns spent in this place as a percentage of non-inter-level travel turns spent in the entire game.
 C = Inter-level travel turns spent in this place as a percentage of turns spent in this place.
 D = Turns resting spent in this place as a percentage of non-inter-level travel turns spent in this place.
 E = Turns spent auto-exploring this place as a percentage of non-inter-level travel turns spent in this place.
 F = Non-inter-level travel turns spent in this place divided by the number of levels of this place that you've seen.
                   A       B       C       D       E      F
               +-------+-------+-------+-------+-------+----------------------
         Total | 100.0 | 100.0 |   0.7 |   2.7 |   6.4 | 329.6
       Dungeon | 100.0 | 100.0 |   0.7 |   2.7 |   6.4 | 329.6
               +-------+-------+-------+-------+-------+----------------------

Table legend:
 A = Kills in this place as a percentage of kills in entire the game.
 B = Kills by you in this place as a percentage of kills by you in the entire game.
 C = Kills by friends in this place as a percentage of kills by friends in the entire game.
 D = Other kills in this place as a percentage of other kills in the entire game.
 E = Experience gained in this place as a percentage of experience gained in the entire game.
 F = Experience gained in this place divided by the number of levels of this place that you have seen.
                   A       B       C       D       E      F
               +-------+-------+-------+-------+-------+----------------------
         Total | 100.0 | 100.0 |  -nan |  -nan | 100.0 | 416.5
       Dungeon | 100.0 | 100.0 |  -nan |  -nan | 100.0 | 416.5
               +-------+-------+-------+-------+-------+----------------------
